AoeStats
← Destroyer30585

Arena

510193104Analyzed
1v1 RM · 13h ago on Sep 29, 2026· 71m 34s· 2 players
Game mode
Random Map
Map size
Tiny (2 player)
Population
200
Speed
Normal
Resources
Standard
Victory
Conquest
Starting age
Dark Age
Ending age
Imperial Age
RankedLock teamsTeams togetherTeam positionsShared explorationLock speedFull tech treeHidden civsTurbo modeCheats
Victory
Defeat
🇨🇴 Italians · Colombia
935
+16
🇵🇪 Ethiopians · Peru
941
-16
Destroyer30585
11:12 Feudal Age
15:07 Castle Age
12:54 Loom
14:13 Padded Archer Armor
15:10 Stone Mining
16:37 Treadmill Crane
17:17 Ballistics
26:55 Horse Collar
34:52 Imperial Age
34:01 Double-Bit Axe
36:32 Leather Archer Armor
36:08 Fletching
37:26 Chemistry
36:22 Murder Holes
36:53 Conscription
37:41 Bodkin Arrow
40:11 Stone Shaft Mining
39:29 Gold Mining
40:17 Bow Saw
40:42 Ring Archer Armor
41:42 Elite Skirmisher
42:27 Bracer
43:09 Thumb Ring
44:35 Two-Man Saw
48:11 Hoardings
48:51 Elite Genoese Crossbowman
50:30 Wheelbarrow
49:41 Town Watch
52:50 Hand Cart
55:14 Town Patrol
59:03 Bloodlines
58:13 Light Cavalry
58:54 Husbandry
60:47 Scale Barding Armor
60:53 Forging
60:44 Scale Mail Armor
62:14 Chain Barding Armor
62:40 Hussar
65:24 Heavy Plow
66:34 Plate Barding Armor
66:14 Chain Mail Armor
lvezca77
5:51 Loom
11:02 Feudal Age
12:21 Double-Bit Axe
12:18 Horse Collar
12:06 Man-at-Arms
20:03 Castle Age
20:15 Crossbowman
22:00 Bow Saw
23:38 Wheelbarrow
29:49 Padded Archer Armor
30:01 Fletching
30:09 Murder Holes
30:29 Masonry
30:53 Gold Mining
30:54 Stone Mining
31:58 Bodkin Arrow
32:19 Leather Archer Armor
33:05 Ballistics
36:53 Imperial Age
38:31 Gold Shaft Mining
39:00 Arbalester
39:45 Thumb Ring
40:25 Light Cavalry
41:08 Husbandry
42:37 Theocracy
43:22 Two-Man Saw
42:25 Heavy Plow
43:00 Ring Archer Armor
44:26 Chemistry
45:37 Bracer
45:47 Forging
45:43 Scale Barding Armor
46:00 Hussar
48:14 Onager
51:20 Architecture
50:41 Heated Shot
52:40 Siege Onager
56:20 Sappers
61:49 Scale Mail Armor
62:25 Iron Casting
62:50 Squires
63:33 Hand Cart
64:14 Halberdier
67:44 Capped Ram
Connection lost

Rejoining the realm…

Still unreachable

The connection could not be restored.

Session expired

The server has moved on; the page needs a fresh start.